 Dungeon Crawl Stone Soup version 0.18.1-50-g88ac8fd (webtiles) character file.

32980 HolyRage the Grappler (level 13, -12/205 HPs)
             Began as a Troll Monk on Sept 17, 2016.
             Was a High Priest of Okawaru.
             Mangled by a death yak (18 damage)
             ... on level 5 of the Lair of Beasts.
             The game lasted 01:31:08 (13597 turns).

HolyRage the Grappler (Troll Monk)                 Turns: 13597, Time: 01:31:09

Health: -12/205    AC:  8    Str: 27    XL:     13   Next: 34%
Magic:  11/12      EV: 17    Int:  6    God:    Okawaru [*****.]
Gold:   740        SH:  0    Dex: 20    Spells: 0 memorised, 12 levels left

rFire  . . .     SeeInvis +       - Unarmed
rCold  . . .     Gourm    +     J - +1 robe of the Many Realms {rElec MR+}
rNeg   + . .     Faith    +     (no shield)
rPois  +         Spirit   .     s - +0 hat {SInv}
rElec  +         Dismiss  .     V - +1 cloak {rPois}
rCorr  .         Reflect  .     (gloves unavailable)
SustAt .         Harm     .     (boots unavailable)
MR     +....                    T - amulet of faith
Stlth  ..........               w - ring of positive energy
                                U - +4 ring of dexterity

@: mighty, berserking, heroism, studying Charms, very quick, somewhat resistant
to hostile enchantments, extremely unstealthy
A: unfitting armour, claws 3, fast metabolism 3, gourmand, regeneration 2,
shaggy fur 1, tough skin 2
a: Heroism, Finesse, Renounce Religion


You were on level 5 of the Lair of Beasts.
You worshipped Okawaru.
Okawaru was extremely pleased with you.
You were completely stuffed.

You visited 3 branches of the dungeon, and saw 15 of its levels.
You also visited: Sewer.

You collected 740 gold pieces.

Inventory:

Hand Weapons
 M - a +1 whip of flaming
 S - a +0 dire flail of holy wrath
Armour
 s - a +0 hat of see invisible (worn)
 x - a +1 large shield
 D - a +2 robe of positive energy
 J - the +1 robe of the Many Realms (worn) {rElec MR+}
   (You found it on level 8 of the Dungeon)

   It insulates you from electricity.
   It affects your resistance to hostile enchantments.
 L - a +5 mottled dragon armour
 V - a +1 cloak of poison resistance (worn)
Jewellery
 l - an uncursed ring of poison resistance
 n - an uncursed ring of see invisible
 q - an uncursed amulet of rage
 v - an uncursed ring of wizardry
 w - a ring of positive energy (right claw)
 C - an uncursed ring of ice
 O - an uncursed ring of magical power
 T - an amulet of faith (around neck)
 U - a +4 ring of dexterity (left claw)
 X - an uncursed amulet of guardian spirit
Wands
 t - a wand of confusion (35/48)
 u - a wand of slowing (14/48)
 W - a wand of iceblast (10/15)
 Z - a wand of teleportation (6/9)
Scrolls
 c - 8 scrolls of remove curse
 j - 9 scrolls of teleportation
 y - a scroll of enchant weapon
 E - 2 scrolls of fog
 F - 3 scrolls of fear
 I - 2 scrolls of amnesia
 K - a scroll of immolation
 Y - a scroll of magic mapping
Potions
 a - a potion of flight
 d - 6 potions of brilliance
 e - 2 potions of invisibility
 f - 5 potions of curing
 m - a potion of might
 o - 2 potions of cancellation
 r - 2 potions of agility
 z - 3 potions of resistance
 B - 2 potions of berserk rage
Books
 i - a manual of Charms
 G - a book of Ice

   Spells                             Type                      Level
   a - Ice Form                       Ice/Transmutation            4
   b - Metabolic Englaciation         Hexes/Ice                    5
   c - Ozocubu's Refrigeration        Ice                          6
   d - Bolt of Cold                   Conjuration/Ice              6
   e - Freezing Cloud                 Conjuration/Ice/Air          6
   f - Simulacrum                     Ice/Necromancy               6
 R - a Grand Grimoire

   Spells                             Type                      Level
   a - Monstrous Menagerie            Summoning                    7
   b - Summon Greater Demon           Summoning                    7
   c - Malign Gateway                 Summoning/Translocation      7
   d - Summon Horrible Things         Summoning                    8
Miscellaneous
 H - a lamp of fire
Comestibles
 b - 12 bread rations
 g - 9 meat rations
 h - 15 fruits
 k - 4 beef jerkies
 A - 3 chunks of flesh
 Q - 13 royal jellies


   Skills:
 + Level 11.0(16.0) Fighting
 - Level 12.0(17.0) Maces & Flails
 * Level 4.0(9.0) Dodging
 - Level 1.1(6.1) Stealth
 - Level 13.7(18.7) Unarmed Combat
 - Level 0.3 Invocations


You had 12 spell levels left.
You didn't know any spells.

Dungeon Overview and Level Annotations

Branches:
Dungeon (9/15)             Temple (1/1) D:5            Lair (5/8) D:8
  Snake (0/4) Lair:5
  Swamp: Lair:3-6    Shoals: Lair:3-6       Orc: D:9-12

Altars:
Ashenzari
Cheibriados
Dithmenos
Elyvilon
Fedhas
Gozag
Kikubaaqudgha
Makhleb
Nemelex Xobeh
Okawaru
Pakellas
Qazlal
Ru
Sif Muna
Trog
Vehumet
Xom
Yredelemnul
Zin
The Shining One

Shops:
D:4 %   D:5 ==(


Innate Abilities, Weirdness & Mutations

You are too large for most types of armour.
You have claws for hands.
Your metabolism is lightning-fast.
You like to eat raw meat.
You heal very quickly.
You are covered in fur (AC +1).
You have very tough skin (AC +2).


Message History

You eviscerate the death yak!!!
You kill the death yak!
Okawaru is honoured by your kill.
Your base Fighting skill increases to level 11!
Your base Dodging skill increases to level 4!
Drink which item? (? for menu, Esc to quit)
A red film seems to cover your vision as you go berserk!
You feel yourself moving faster!
You feel mighty!
You mangle the death yak!!
The death yak is moderately wounded.
The death yak gores you!
* * * LOW HITPOINT WARNING * * *
You claw the death yak! x2
The death yak is heavily wounded.
You claw the death yak!
The death yak is severely wounded.
You completely miss the death yak. Your claw misses the death yak.
The death yak is severely wounded.
The death yak gores you!!
You die...

......;............#..[.......#
.........รท...#...#####.......##
..>.......######## ###.......#
.........## ##.P......#.
........## ##..........#
........P# #............
........## #####P..........
.......P##### #.# ###...###...
....$...P##.####@###.......#...
...........#...#YP.#.......#...
........#P.....YY.............
.......................>.........
.............Y...................
...................#.......#.....
...................#.......#.....
...................###...###.....
................................


You could see 4 death yaks.

Vanquished Creatures
  5 hydras
  A death yak (Lair:5)
  A queen ant (Lair:3)
  3 skeletal warriors (D:9)
  Pikel (D:7)
  3 oklob plants (Lair:2)
  8 elephants
  3 black mambas
  4 komodo dragons
  3 spiny frogs (Lair:1)
  A rime drake (Lair:2)
  A queen bee (D:9)
  Grinder (D:6)
  A two-headed ogre (D:9)
  Prince Ribbit (D:7)
  14 blink frogs
  A spriggan (D:9)
  3 wyverns
  18 yaks
  A hungry ghost (D:4)
  5 hippogriffs
  2 nagas
  4 water moccasins
  20 soldier ants
  Duvessa (D:6)
  An orc warrior (D:8)
  11 porcupines
  2 hell hounds (D:8)
  10 ice beasts
  4 phantoms
  3 slaves (D:7)
  2 black bears
  2 sky beasts
  5 ogres
  10 wolves
  2 centaurs
  5 crocodiles
  A big kobold (D:7)
  8 giant frogs
  Dowan (D:6)
  A scorpion (D:8)
  26 killer bees (D:9)
  3 wights (D:8)
  2 howler monkeys
  2 electric eels
  A jelly (D:8)
  A quasit (D:5)
  3 orc priests
  9 orc wizards
  A centaur skeleton (D:6)
  9 iguanas
  23 worker ants
  11 sheep
  A hound zombie (D:9)
  5 gnolls
  9 adders
  55 river rats
  2 shadow imps
  An ooze (D:3)
  2 adder skeletons (D:4)
  4 worms
  3 dart slugs
  3 giant geckos
  27 orcs
  7 bats
  7 giant cockroaches
  5 hobgoblins
  12 jackals
  5 quokkas
  5 ball pythons
  A giant gecko skeleton (D:4)
  6 giant newts
  6 goblins
  26 kobolds
  A quokka skeleton (D:5)
  2 rats (D:1)
460 creatures vanquished.

Vanquished Creatures (others)
  9 fungi
  3 plants
12 creatures vanquished.

Grand Total: 472 creatures vanquished

Notes
Turn   | Place    | Note
--------------------------------------------------------------
     0 | D:1      | HolyRage the Troll Monk began the quest for the Orb.
     0 | D:1      | Reached XP level 1. HP: 22/22 MP: 0/0
   242 | D:1      | Reached XP level 2. HP: 29/29 MP: 1/1
   696 | D:2      | Found a basalt altar of Yredelemnul.
   773 | D:2      | Reached XP level 3. HP: 35/36 MP: 2/2
   923 | D:2      | Found a white marble altar of Elyvilon.
  1048 | D:2      | Reached skill level 5 in Unarmed Combat
  1148 | D:2      | Reached XP level 4. HP: 44/44 MP: 3/3
  1303 | D:3      | Found an opulent altar of Gozag.
  1638 | D:3      | Reached XP level 5. HP: 27/53 MP: 4/4
  2263 | D:4      | Reached skill level 6 in Unarmed Combat
  2341 | D:4      | Noticed an ogre
  2354 | D:4      | Killed an ogre
  2354 | D:4      | Reached XP level 6. HP: 38/62 MP: 5/5
  2615 | D:4      | Reached skill level 7 in Unarmed Combat
  2716 | D:4      | Found Ysyu's Food Emporium.
  2716 | D:4      | Noticed a hungry ghost
  2729 | D:4      | Killed a hungry ghost
  2729 | D:4      | Reached XP level 7. HP: 71/71 MP: 6/6
  2858 | D:5      | Entered Level 5 of the Dungeon
  2858 | D:5      | Found Pipuxet's Jewellery Emporium.
  2899 | D:5      | Found a staircase to the Ecumenical Temple.
  2905 | Temple   | Entered the Ecumenical Temple
  2994 | Temple   | Became a worshipper of Warmaster Okawaru
  2994 | Temple   | Reached * piety under Okawaru
  2994 | Temple   | Reached ** piety under Okawaru
  3031 | D:5      | Found a blossoming altar of Fedhas.
  3076 | D:5      | Found Bon Ydec's Antique Weapon Shoppe.
  3095 | D:5      | Reached skill level 5 in Fighting
  3095 | D:5      | Reached skill level 8 in Unarmed Combat
  3391 | D:5      | Reached XP level 8. HP: 80/80 MP: 7/7
  3522 | D:5      | Found Liceneuq's Jewellery Shoppe.
  3977 | D:6      | Noticed Grinder
  3987 | D:6      | Killed Grinder
  3987 | D:6      | Reached skill level 9 in Unarmed Combat
  4036 | D:6      | Found a glowing drain.
  4042 | Sewer    | Entered a sewer
  4736 | D:6      | Noticed Dowan
  4737 | D:6      | Noticed Duvessa
  4748 | D:6      | Killed Duvessa
  4756 | D:6      | Killed Dowan
  4940 | D:6      | Reached *** piety under Okawaru
  5170 | D:7      | Noticed Prince Ribbit
  5199 | D:7      | Reached XP level 9. HP: 72/92 MP: 8/8
  5205 | D:7      | Reached skill level 10 in Unarmed Combat
  5218 | D:7      | Killed Prince Ribbit
  5317 | D:7      | Noticed Pikel
  5436 | D:7      | Killed Pikel
  5436 | D:7      | Reached **** piety under Okawaru
  5532 | D:7      | Reached skill level 11 in Unarmed Combat
  5851 | D:8      | Found a staircase to the Lair.
  6196 | D:8      | Reached ***** piety under Okawaru
  6403 | D:8      | Reached XP level 10. HP: 97/104 MP: 9/9
  6440 | D:8      | Got a steaming robe
  6451 | D:8      | Identified the cursed +1 robe of the Many Realms {rElec MR+} (You found it on level 8 of the Dungeon)
  6968 | D:9      | Received a gift from Okawaru
  7177 | D:9      | Reached skill level 12 in Unarmed Combat
  7244 | D:9      | Reached skill level 1 in Maces & Flails
  7756 | D:9      | Noticed a skeletal warrior
  7757 | D:9      | Noticed a skeletal warrior
  7763 | D:9      | Noticed a skeletal warrior
  7775 | D:9      | Killed a skeletal warrior
  7781 | D:9      | Killed a skeletal warrior
  7781 | D:9      | Reached skill level 13 in Unarmed Combat
  7781 | D:9      | Reached XP level 11. HP: 25/115 MP: 7/10
  7788 | D:9      | Killed a skeletal warrior
  7982 | Lair:1   | Entered Level 1 of the Lair of Beasts
  8004 | Lair:1   | Noticed a four-headed hydra
  8317 | D:8      | Killed a four-headed hydra
  8330 | D:8      | Reached skill level 10 in Fighting
  8686 | Lair:1   | Noticed a seven-headed hydra
  8720 | Lair:1   | Killed a seven-headed hydra
  9029 | Lair:1   | Received a gift from Okawaru
  9349 | Lair:1   | Reached skill level 5 in Maces & Flails
  9888 | Lair:2   | Reached XP level 12. HP: 102/127 MP: 11/11
 10623 | Lair:3   | Noticed a queen ant
 10892 | Lair:3   | Killed a queen ant
 10892 | Lair:3   | Received a gift from Okawaru
 10892 | Lair:3   | Reached ****** piety under Okawaru
 11092 | Lair:3   | Reached skill level 10 in Maces & Flails
 11178 | Lair:3   | Noticed a five-headed hydra
 11262 | Lair:3   | Killed a five-headed hydra
 11651 | Lair:3   | Noticed an eight-headed hydra
 11661 | Lair:3   | Killed an eight-headed hydra
 12093 | Lair:4   | Reached XP level 13. HP: 129/135 MP: 12/12
 13416 | Lair:5   | Found a staircase to the Snake Pit.
 13438 | Lair:5   | Received a gift from Okawaru
 13594 | Lair:5   | HP: 5/205 [death yak (10)]
 13597 | Lair:5   | Mangled by a death yak

Skill      XL: |  1  2  3  4  5  6  7  8  9 10 11 12 13 |
---------------+----------------------------------------+-----
Unarmed Combat | 5 6 7 8 9 11 13 | 13.7
Fighting       | 3 4 5 6 8 9 10 11 | 11.0
Maces & Flails | 1 6 11 12 | 12.0
Dodging        | 4 |  4.0
Stealth        | |  1.1
Invocations    | |  0.3

Action                   |  1- 3 |  4- 6 |  7- 9 | 10-12 | 13-15 || total
-------------------------+-------+-------+-------+-------+-------++-------
Melee: Unarmed           |    91 |   132 |   325 |   710 |   138 ||  1396
       Punch             |     2 |     5 |    14 |    46 |    31 ||    98
       Whip              |       |       |       |    46 |    85 ||   131
Invok: Heroism           |       |       |     4 |    16 |     3 ||    23
  Use: Scroll            |     9 |     6 |     6 |     9 |     1 ||    31
       Potion            |       |       |       |     4 |     5 ||     9
 Stab: Sleeping          |     1 |     2 |     1 |     1 |       ||     5
  Eat: Chunk             |    16 |    14 |    38 |    57 |    14 ||   139
       Pizza             |       |       |     1 |       |       ||     1
Armor: Robe              |    30 |    29 |    62 |     3 |       ||   124
       Mottled dragon ar |       |       |       |   301 |   108 ||   409
Dodge: Dodged            |    52 |    40 |   138 |   388 |   122 ||   740
